 Dungeon Crawl Stone Soup version 0.31-a0-345-g1ebeae05c6 (webtiles) character file.

Game seed: 17092803089266255457

51139 derpindaisy the Marksant (level 15, -2/127 HPs)
             Began as a Formicid Hunter on July 21, 2023.
             Was the Champion of Nemelex Xobeh.
             Killed by an exploding elephant (17 damage)
             ... ignited by their inner flame
             ... on level 5 of the Lair of Beasts on July 22, 2023.
             The game lasted 01:25:33 (22448 turns).

derpindaisy the Marksant (Formicid Hunter)         Turns: 22448, Time: 01:25:33

Health: -2/127     AC: 19    Str: 21    XL:     15   Next: 0%
Magic:  0/22       EV: 15    Int: 10    God:    Nemelex Xobeh [******]
Gold:   1317       SH:  0    Dex: 23    Spells: 14/14 levels left

rFire   + . .        c - +1 orcbow
rCold   + + .        (no shield)
rNeg    + + .        L - +2 swamp dragon scales
rPois   +            (helmet unavailable)
rElec   +            U - +1 cloak
rCorr   +            k - +0 pair of gloves
SInv    +            R - +2 pair of boots {rampage}
Will    ++...        G - amulet of guardian spirit
Stlth   ++           a - ring "Ipoweig" {rC+ rN++ rCorr Str+5}
HPRegen 0.41/turn    A - ring of willpower
MPRegen 0.18/turn

%: guardian spirit, rampage
@: resistant, elixired
A: permanent stasis, dig shafts and tunnels, antennae 3, four strong arms,
screaming 1
a: Dig, Shaft Self, Renounce Religion, Draw Escape, Draw Destruction, Draw
Summoning, Triple Draw, Deal Four, Stack Five


You were on level 5 of the Lair of Beasts.
You worshipped Nemelex Xobeh.
Nemelex Xobeh was exalted by your worship.
You visited 2 branches of the dungeon, and saw 16 of its levels.
You also visited: Bailey and Gauntlet.

You collected 1575 gold pieces.
You spent 258 gold pieces at shops.


Innate Abilities, Weirdness & Mutations

You cannot be hasted, slowed, berserked, paralysed or teleported.
You can dig through walls and to a lower floor.
You have a pair of large antennae on your head. (SInv)
Your four strong arms can wield two-handed weapons with a shield.
You occasionally shout uncontrollably at your foes.


   Skills:
 + Level 14.6 Fighting
 - Level 16.0 Ranged Weapons
 + Level 10.6 Armour
 + Level 6.3 Dodging
 + Level 3.9 Stealth
 * Level 9.7 Invocations
 + Level 3.1 Evocations


You had 14 spell levels left.
You didn't know any spells.
Your spell library contained the following spells:

 Spells                   Type           Power      Damage    Failure   Level
 Apportation              Tloc           0%         N/A       50%         1
 Necrotise                Necr           0%         1d4       50%         1
 Lesser Beckoning         Tloc           0%         N/A       63%         2
 Momentum Strike          Conj/Tloc      0%         3d8       63%         2
 Sublimation of Blood     Necr           0%         N/A       63%         2
 Wereblood                Tmut           0%         N/A       63%         2
 Frozen Ramparts          Ice            0%         1d1       86%         3
 Vampiric Draining        Necr           0%         2d6       86%         3
 Volatile Blastmotes      Fire/Tloc      0%         2d10      86%         3
 Fulminant Prism          Conj/Hex       0%         3d5       99%         4
 Iskenderun's Mystic Bla  Conj/Tloc      0%         2d3       99%         4
 Petrify                  Tmut/Erth      0%         N/A       99%         4
 Summon Ice Beast         Ice/Summ       0%         N/A       99%         4
 Agony                    Necr           0%         N/A       100%        5
 Alistair's Intoxication  Tmut/Pois      0%         N/A       100%        5
 Arcjolt                  Conj/Air       0%         1d10      100%        5
 Irradiate                Conj/Tmut      0%         3d11      100%        5
 Metabolic Englaciation   Hex/Ice        0%         N/A       100%        5
 Summon Mana Viper        Hex/Summ       0%         N/A       100%        5
 Monstrous Menagerie      Summ           0%         N/A       100%        7
 Maxwell's Capacitive Co  Air            0%         ∞         100%        8
 Blink                    Tloc           Unusable   N/A       N/A         2
 Vhi's Electric Charge    Tloc/Air       Unusable   N/A       N/A         3

Inventory:

Hand Weapons
 c - a +1 orcbow (weapon)
   (You took it off a centaur on level 9 of the Dungeon)
Armour
 k - a +0 pair of gloves (worn)
   (You found it on level 9 of the Dungeon)
 C - a +10 plate armour of ponderousness
   (You took it off a kobold in a bailey)
 L - +2 swamp dragon scales (worn)
   (You found it on level 7 of the Dungeon)
 R - a +2 pair of boots of rampaging (worn)
   (You bought it in a shop on level 9 of the Dungeon)
 U - a +1 cloak (worn)
   (You found it on level 1 of the Dungeon)
Jewellery
 a - the ring "Ipoweig" (left hand) {rC+ rN++ rCorr Str+5}
   (You found it in a Gauntlet)

   [ring of protection from cold]

   Str:       It affects your strength (+5).
   rC:        It protects you from cold.
   rN:        It greatly protects you from negative energy.
   rCorr:     It protects you from acid and corrosion.
 f - a ring of fire
   (You found it on level 2 of the Lair of Beasts)
 i - a +6 ring of strength
   (You found it on level 1 of the Dungeon)
 A - a ring of willpower (right hand)
   (You found it on level 7 of the Dungeon)
 B - a ring of flight
   (You found it on level 5 of the Dungeon)
 F - a ring of fire
   (You found it on level 9 of the Dungeon)
 G - an amulet of guardian spirit (around neck)
   (You found it in a Gauntlet)
 N - a ring of positive energy
   (You found it on level 4 of the Lair of Beasts)
 P - a ring of ice
   (You found it on level 5 of the Dungeon)
Wands
 D - a wand of roots (22)
   (You found it on level 6 of the Dungeon)
 O - a wand of charming (2)
   (You found it on level 10 of the Dungeon)
Scrolls
 j - 3 scrolls of poison {!r}
 p - 4 scrolls of vulnerability {!r!r}
 q - 3 scrolls of torment {!r}
 r - 2 scrolls of fog {unknown}
 s - a scroll of fear {unknown}
 t - a scroll of brand weapon {unknown}
 w - 2 scrolls of summoning {unknown}
 x - a scroll of enchant armour
 z - 2 scrolls of noise {!r}
 T - 3 scrolls of revelation
Potions
 b - 2 potions of brilliance
 d - a potion of magic
 e - 5 potions of curing {@q1}
 g - 3 potions of cancellation
 o - 4 potions of lignification {!q}
 u - 5 potions of mutation {!q}
 H - 4 potions of might
 I - a potion of haste {@q3}
 J - 5 potions of enlightenment
 M - 2 potions of degeneration {!q}
Miscellaneous
 y - a phantom mirror
   (You found it in a Gauntlet)
 E - a condenser vane
   (You found it in a bailey)

Dungeon Overview and Level Annotations

Branches:
Dungeon (11/15)            Temple (0/1) D:5            Lair (5/5) D:11
  Swamp (0/4) Lair:3        Snake (0/4) Lair:3          Orc (0/2) D:9
 Bailey (visited)         Gauntlet (visited)
  Slime: Lair:4-5

Altars:
Ashenzari
Cheibriados
Dithmenos
Fedhas
Hepliaklqana
Makhleb
Nemelex Xobeh
Okawaru
Trog
Vehumet
Wu Jian
Xom
Yredelemnul

Shops:
D:9 [

Annotations:
D:1 1 transporter
D:4 1 runed translucent door, BaconRulez's ghost, novice MiBe
Lair:5 Josephine

.. #...#...
.###@...#.
#+.#....#. .
#..#.....# .
..#.P..§...##..
...§§YY..§.....
...§§YY○§§§§...
..Y§YY§@§§(§...
..§.YYY§§§§....
...§#YY°§.§.#..
##$..#.YY..#...
...##..§§.P# ..
.. .....§§.. .
. ...........
.............
...P..Y.#...##


You could see Josephine, 2 elephants and 11 yaks.


Message History

You take 7 damage, and now have 17/121 hp.
You lost 2 mp, and now have 5/21 mp.
You draw a card...
You have drawn the Elixir.
You begin rapidly regenerating health and magic.
The yak bellows!
The elephant is engulfed in blazing flames.
Flame seeps out of the elephant.
The elephant tramples your neqoxec!
Your neqoxec holds its ground!
Your neqoxec disappears in a puff of smoke!
The fiery explosion engulfs the elephant!!
The elephant explodes!
The fiery explosion engulfs the elephant!! x2
Flame seeps out of the elephant.
The fiery explosion engulfs you!! You resist.
* * * LOW HITPOINT WARNING * * *
The fiery explosion engulfs the elephant!!!
Flame seeps out of the elephant.
The fiery explosion engulfs the yak!!
Flame seeps out of the yak.
The fiery explosion engulfs the elephant!!
Flame seeps out of the elephant.
The fiery explosion engulfs the elephant!!
Flame seeps out of the elephant.
The basilisk misses you. The yak gores you but does no damage.
The elephant barely misses you. The elephant closely misses you.
The yak misses you. The yak gores you.
* * * LOW HITPOINT WARNING * * *
Your rakshasa closely misses the yak.
You hear a loud, deep croak!
You hear an angry hiss.
You hear a loud, deep croak!
You hear a trumpeting! x3
Your phantom mirror has recharged.
You have reached level 15!
Your experience leads to an increase in your attributes!
Your base attributes are Str 16, Int 10, Dex 21.
Increase (S)trength, (I)ntelligence, or (D)exterity?
You feel agile. x2 😱 HP[-16] MP[-5]
You now have 127 max hp (+6).
You take 16 damage, and now have 1/127 hp.
You lost 5 mp, and now have 0/22 mp.
Okay, then.
You feel better.
The yak is no longer moving slowly.
The basilisk bites you but does no damage.
The yak barely misses you.
Josephine the Decaying Necromancer comes into view.
She is wielding a +0 dagger.
The elephant tramples you but does no damage.
The elephant closely misses you.
The yak snorts and paws the ground.
The yak misses you. The elephant misses you.
The elephant trunk-slaps you but does no damage.
The elephant is engulfed in blazing flames.
Flame seeps out of the elephant.
The elephant tramples you but does no damage.
The elephant completely misses you. The yak barely misses you.
The yak misses you.
Your rakshasa hits the yak with a +0 trident!
Flame seeps out of the yak. 😱 HP[+22] MP[+2]
You regained 22 hp, and now have 23/127 hp.
You regained 2 mp, and now have 2/22 mp.
You feel better. The basilisk misses you. The yak gores you!
* * * LOW HITPOINT WARNING * * *
The elephant closely misses you.
The elephant trunk-slaps you but does no damage.
The elephant barely misses you.
The elephant trunk-slaps you but does no damage.
The water moccasin barely misses your rakshasa.
The yak closely misses you.
The elephant is engulfed in blazing flames.
Flame seeps out of the elephant.
Your rakshasa hits the yak with a +0 trident!!
The yak explodes!
The fiery explosion engulfs the basilisk!!
Flame seeps out of the basilisk.
The fiery explosion engulfs the elephant.
Flame seeps out of the elephant.
The fiery explosion engulfs you! You resist.
* * * LOW HITPOINT WARNING * * *
The fiery explosion engulfs the elephant!!
The fiery explosion engulfs the yak!!
Flame seeps out of the yak.
The fiery explosion engulfs the elephant!!
The fiery explosion engulfs your rakshasa!!!
Flame seeps out of your rakshasa.
The fiery explosion engulfs the elephant!!
Flame seeps out of the elephant.
Your rakshasa disappears in a puff of smoke!
The elephant explodes!
The fiery explosion engulfs the yak!!!
The fiery explosion engulfs the elephant!!!
You kill the elephant!
The fiery explosion engulfs the elephant!!
The fiery explosion engulfs the yak!!!
The fiery explosion engulfs the elephant!!
The fiery explosion engulfs the basilisk!!!
The fiery explosion engulfs the water moccasin!!
The fiery explosion engulfs you! You resist.
* * * LOW HITPOINT WARNING * * *
The fiery explosion engulfs the elephant!!!
The elephant explodes!
The fiery explosion engulfs the yak!! x2; Flame seeps out of the yak.
The fiery explosion engulfs the elephant!!
Flame seeps out of the elephant.
The fiery explosion engulfs you!! You resist.
You die...
Your body glows with a rainbow of weird colours and disappears.

Skill      XL: |  1  2  3  4  5  6  7  8  9 10 11 12 13 14 |
---------------+-------------------------------------------+-----
Ranged Weapons | 5 6 7 8 10 12 13 15 16 | 16.0
Dodging        | 2 3 5 6 |  6.3
Armour         | 1 2 3 4 5 7 8 9 10 | 10.6
Invocations    | 1 2 3 5 7 8 9 |  9.7
Fighting       | 3 4 6 7 8 10 12 14 | 14.6
Stealth        | 2 3 |  3.9
Evocations     | 3 |  3.1

Action                     |  1- 3 |  4- 6 |  7- 9 | 10-12 | 13-15 || total
---------------------------+-------+-------+-------+-------+-------++-------
   Fire: Shortbow          |    92 |   167 |   266 |   463 |       ||   988
         Orcbow            |       |       |       |   463 |   928 ||  1391
 Invoke: Draw Destruction  |       |     2 |    17 |    32 |    30 ||    81
         Draw Summoning    |       |       |     1 |     3 |     5 ||     9
         Draw Escape       |       |       |     1 |     3 |    12 ||    16
         Triple Draw       |       |       |       |       |     1 ||     1
Ability: Dig               |     1 |     1 |       |     1 |       ||     3
  Evoke: Condenser vane    |       |       |       |     1 |     1 ||     2
         Wand              |       |       |       |       |    36 ||    36
         Phantom mirror    |       |       |       |       |     1 ||     1
    Use: Scroll            |     2 |     4 |     2 |     6 |    10 ||    24
         Potion            |       |     1 |       |     1 |     7 ||     9
 Armour: Leather armour    |    20 |    15 |    34 |       |       ||    69
         Plate armour      |       |       |       |   561 |       ||   561
         Swamp dragon scal |       |       |       |    68 |   331 ||   399
  Dodge: Dodged            |    31 |    60 |    60 |   417 |   505 ||  1073

Levels and vault maps discovered:
D:1:      spicycebolla_arrival_transporter_tutorial, layout_rooms
D:2:      layout_basic, dreamdust_ecumenical_altar_drowned_temple,
          minmay_randomly_rotated_circles
D:3:      layout_basic, worldfamousw_hep_ancestral_shrine
D:4:      layout_rooms, okawaru_trees_1, mainiacjoe_overflow_boulevard,
          nicolae_ashenzari_skybound, ebering_ghost_sewer_d, interstate_on_off,
          hangedman_abyss_or_decor_lesser_grid, grunt_decor_resistance,
          minmay_misc_feat_cross
D:5:      layout_gridville, kennysheep_mini_moat, minmay_temple_entry_arrows,
          uniq_grinder, uniq_sigmund
D:6:      layout_loops_ring, nicolae_vehumet_altar_sigil, fedhas_altar_1,
          lexackson_kobold_supper
D:7:      layout_basic, uniq_maggie
D:8:      layout_basic, xom_teletrap_fun, enter_bailey_5, serial_bayou_pond_b,
          minmay_fractal_squares_gapless_5, uniq_joseph
D:9:      layout_gridville, chei_slow_surprise, orc_david_3, uniq_grum,
          uniq_prince_ribbit1
D:10:     layout_roguey, mainiacjoe_overflow_paths,
          mainiacjoe_overflow_six_doors_small, mainiacjoe_overflow_brackets,
          nicolae_dithmenos_shadow_blocks, hangedman_decor_diamond_cutter,
          hangedman_misty_isle, uniq_urug
D:11:     layout_roguey, erik_lair_dragon
Lair:1:   layout_gridlike, nzn_random_ring
Lair:2:   layout_gridlike, minmay_holes
Lair:3:   minmay_lair_venomous_thicket, layout_gridlike,
          nicolae_swamp_entry_spooky, dummy_snake_entry, gauntlet_entry_generic,
          cheibrodos_lair_caveside_slide
Lair:4:   beast_lair_carwin_large_4, layout_small_grid,
          chequers_serial_rivers_micro_b, grunt_megastairs_2
Lair:5:   minmay_lair_end_enchanted_forest, layout_regular_city,
          minmay_slime_entry_pillars, eino_small_chamber_without_monster,
          uniq_josephine

Notes
Turn   | Place    | Note
-------+----------+-------------------------------------------
     0 | D:1      | derpindaisy the Formicid Hunter began the quest for the
                  | Orb.
     0 | D:1      | Reached XP level 1. HP: 16/16 MP: 1/1
   137 | D:1      | Reached XP level 2. HP: 22/22 MP: 2/2
   216 | D:1      | Reached XP level 3. HP: 24/27 MP: 3/3
   560 | D:2      | Reached skill level 5 in Ranged Weapons
   681 | D:2      | Found a faded altar of an unknown god.
   694 | D:2      | Reached XP level 4. HP: 34/34 MP: 4/4
   786 | D:2      | Prayed at the altar of an unknown god.
   786 | D:2      | Became a worshipper of Nemelex Xobeh the Trickster
   786 | D:2      | Reached * piety under Nemelex Xobeh
  1180 | D:2      | Received a gift from Nemelex Xobeh
  1826 | D:3      | Reached ** piety under Nemelex Xobeh
  1864 | D:3      | Found a hazy altar of Hepliaklqana.
  2408 | D:4      | Reached skill level 2 in Dodging
  2408 | D:4      | Reached XP level 5. HP: 29/40 MP: 5/5
  2507 | D:4      | Found a broken altar of Ashenzari.
  2520 | D:4      | Reached skill level 1 in Armour
  2524 | D:4      | Reached skill level 1 in Invocations
  2549 | D:4      | Reached skill level 3 in Fighting
  2549 | D:4      | Reached skill level 6 in Ranged Weapons
  2549 | D:4      | Reached XP level 6. HP: 23/47 MP: 5/7
  2716 | D:4      | Reached skill level 2 in Invocations
  2882 | D:4      | Found a runed translucent door.
  2884 | D:4      | Noticed BaconRulez's ghost (novice MiBe)
  2889 | D:4      | Found a basalt altar of Yredelemnul.
  2918 | D:4      | Found an iron altar of Okawaru.
  3173 | D:4      | Received a gift from Nemelex Xobeh
  3341 | D:5      | Entered Level 5 of the Dungeon
  3411 | D:5      | Noticed an ice beast
  3414 | D:5      | Killed an ice beast
  3415 | D:5      | Reached XP level 7. HP: 52/52 MP: 8/8
  3521 | D:5      | Noticed Grinder
  3524 | D:5      | Grinder changed into Grinder the neqoxec
  3524 | D:5      | Noticed Grinder
  3530 | D:5      | Gained mutation: You occasionally shout uncontrollably at
                  | your foes. [Grinder]
  3534 | D:5      | Killed Grinder the neqoxec
  3535 | D:5      | Reached skill level 7 in Ranged Weapons
  3535 | D:5      | Reached skill level 2 in Armour
  3535 | D:5      | Reached skill level 3 in Invocations
  3682 | D:5      | Reached *** piety under Nemelex Xobeh
  3689 | D:5      | Found a staircase to the Ecumenical Temple.
  3690 | D:5      | Received a gift from Nemelex Xobeh
  3852 | D:5      | Noticed Sigmund
  3853 | D:5      | Sigmund changed into Sigmund the hound
  3853 | D:5      | Noticed Sigmund
  3861 | D:5      | Killed Sigmund the hound
  3957 | D:5      | Reached XP level 8. HP: 58/60 MP: 10/10
  3963 | D:5      | Found a sparkling altar of Nemelex Xobeh.
  4135 | D:5      | Received a gift from Nemelex Xobeh
  4265 | D:5      | Reached skill level 4 in Fighting
  4325 | D:5      | Noticed a two-headed ogre
  4328 | D:5      | Killed a two-headed ogre
  4329 | D:5      | Reached skill level 8 in Ranged Weapons
  4329 | D:5      | Reached skill level 3 in Armour
  4329 | D:5      | Reached skill level 2 in Stealth
  4329 | D:5      | Reached skill level 4 in Invocations
  4341 | D:5      | Reached skill level 5 in Invocations
  4341 | D:5      | Reached XP level 9. HP: 62/66 MP: 12/12
  4478 | D:5      | magus.rc [v1.11.6]
  4608 | D:5      | magus.rc [v1.11.6]
  4630 | D:6      | Found a blossoming altar of Fedhas.
  4662 | D:6      | Reached skill level 9 in Ranged Weapons
  4743 | D:6      | Reached skill level 5 in Fighting
  5001 | D:6      | Reached **** piety under Nemelex Xobeh
  5001 | D:6      | Received a gift from Nemelex Xobeh
  5379 | D:6      | Found a radiant altar of Vehumet.
  5467 | D:6      | Reached skill level 10 in Ranged Weapons
  6493 | D:7      | Reached skill level 6 in Fighting
  6553 | D:7      | You add the spells Momentum Strike and Lesser Beckoning to
                  | your library.
  6557 | D:7      | You add the spells Apportation and Alistair's Intoxication
                  | to your library.
  6648 | D:7      | Reached skill level 4 in Armour
  6648 | D:7      | Reached XP level 10. HP: 76/76 MP: 14/14
  6702 | D:7      | Noticed Maggie
  6702 | D:7      | Maggie the Vainglorious comes into view. She is wielding
                  | the +9 lance "Wyrmbane" {slay drac, rPois rF+ rC+ AC+3}.
  6703 | D:7      | Here: Maggie, wielding the +9 lance "Wyrmbane" {slay drac,
                  | rPois rF+ rC+ AC+3} and wearing +2 swamp dragon scales
                  | (asleep)
  6703 | D:7      | Here: Maggie, wielding the +9 lance "Wyrmbane" {slay drac,
                  | rPois rF+ rC+ AC+3} and wearing +2 swamp dragon scales
                  | (asleep)
  6704 | D:7      | Aim: Maggie, wielding the +9 lance "Wyrmbane" {slay drac,
                  | rPois rF+ rC+ AC+3} and wearing +2 swamp dragon scales
                  | (lightly wounded, asleep, 98% to hit)
  6704 | D:7      | Aim: Maggie, wielding the +9 lance "Wyrmbane" {slay drac,
                  | rPois rF+ rC+ AC+3} and wearing +2 swamp dragon scales
                  | (lightly wounded, asleep, 98% to hit)
  6705 | D:7      | Maggie changed into Maggie the wolf
  6705 | D:7      | Noticed Maggie
  6706 | D:7      | Killed Maggie the wolf
  6879 | D:7      | You add the spells Necrotise, Vampiric Draining and Agony
                  | to your library.
  6892 | D:7      | magus.rc [v1.11.6]
  6960 | D:8      | Noticed Joseph
  6970 | D:8      | Killed Joseph
  6971 | D:8      | Reached skill level 11 in Ranged Weapons
  6971 | D:8      | Reached skill level 6 in Invocations
  7149 | D:8      | Found a flagged portal.
  7165 | Bailey   | Entered a bailey
  7330 | Bailey   | Reached skill level 3 in Dodging
  7796 | D:8      | Received a gift from Nemelex Xobeh
  7828 | D:8      | Noticed a centaur warrior
  7836 | D:8      | Killed a centaur warrior
  7845 | D:8      | Reached skill level 7 in Fighting
  7938 | D:8      | Reached skill level 7 in Invocations
  7993 | D:8      | Reached skill level 5 in Armour
  8722 | D:8      | Found a shimmering altar of Xom.
  8778 | D:8      | Reached skill level 12 in Ranged Weapons
  8903 | D:8      | You add the spells Sublimation of Blood, Petrify and
                  | Irradiate to your library.
  9252 | D:9      | Reached XP level 11. HP: 64/84 MP: 16/16
  9309 | D:9      | Reached ***** piety under Nemelex Xobeh
  9309 | D:9      | Received a gift from Nemelex Xobeh
  9329 | D:9      | Found Ichiphug's Armour Shop.
  9378 | D:9      | Found a staircase to the Orcish Mines.
  9507 | D:9      | HP: 17/84 [orc warrior/+0 halberd (6)]
  9797 | D:9      | Noticed Prince Ribbit
  9808 | D:9      | Noticed a soul eater
  9811 | D:9      | Noticed a sun demon
  9827 | D:9      | Reached skill level 6 in Armour
  9836 | D:9      | Killed Prince Ribbit
  9926 | D:9      | You add the spells Arcjolt and Maxwell's Capacitive
                  | Coupling to your library.
  9950 | D:9      | You add the spell Wereblood to your library.
 10110 | D:9      | Found a snail-covered altar of Cheibriados.
 10291 | D:9      | Received a gift from Nemelex Xobeh
 10338 | D:9      | Reached skill level 8 in Fighting
 10345 | D:9      | Reached skill level 3 in Stealth
 10568 | D:9      | Noticed Grum
 10596 | D:9      | Killed Grum
 10726 | D:9      | Bought a +2 pair of boots of rampaging for 258 gold pieces
 11113 | D:9      | Upgraded the game from 0.31-a0-344-gd109795599 to
                  | 0.31-a0-345-g1ebeae05c6
 11113 | D:9      | magus.rc [v1.11.6]
 11114 | D:9      | magus.rc [v1.11.6]
 11168 | D:10     | Entered Level 10 of the Dungeon
 11232 | D:10     | Reached skill level 13 in Ranged Weapons
 11234 | D:10     | Found a shadowy altar of Dithmenos.
 11243 | D:10     | Reached skill level 7 in Armour
 11548 | D:10     | Found a burning altar of Makhleb.
 11823 | D:10     | Found an ornate altar of the Wu Jian Council.
 11994 | D:10     | Received a gift from Nemelex Xobeh
 12033 | D:10     | Noticed a two-headed ogre
 12034 | D:10     | a two-headed ogre changed into a torpor snail
 12084 | D:10     | You add the spells Volatile Blastmotes, Fulminant Prism and
                  | Iskenderun's Mystic Blast to your library.
 12266 | D:10     | Noticed Urug
 12267 | D:10     | Urug changed into Urug the moth of wrath
 12267 | D:10     | Noticed Urug
 12273 | D:10     | Killed Urug the moth of wrath
 12274 | D:10     | Reached XP level 12. HP: 94/94 MP: 17/17
 12310 | D:10     | Found a bloodstained altar of Trog.
 12718 | D:11     | Reached skill level 14 in Ranged Weapons
 12822 | D:11     | Received a gift from Nemelex Xobeh
 13109 | D:11     | Reached skill level 9 in Fighting
 13190 | D:11     | Reached skill level 8 in Armour
 13343 | D:11     | Found a staircase to the Lair.
 13626 | D:11     | Noticed a two-headed ogre
 13636 | D:11     | Killed a two-headed ogre
 14185 | Lair:1   | Entered Level 1 of the Lair of Beasts
 14227 | Lair:1   | Reached skill level 15 in Ranged Weapons
 14237 | D:11     | HP: 21/96 [blink frog (12)]
 14613 | Lair:1   | Received a gift from Nemelex Xobeh
 14683 | Lair:1   | Reached skill level 10 in Fighting
 14773 | Lair:1   | Reached XP level 13. HP: 96/103 MP: 18/18
 15153 | Lair:1   | Noticed a catoblepas
 15362 | Lair:1   | Reached skill level 16 in Ranged Weapons
 15389 | Lair:1   | a catoblepas changed into a storm dragon
 15389 | Lair:1   | Noticed a storm dragon
 15389 | Lair:1   | a death yak changed into an eight-headed hydra
 15389 | Lair:1   | Noticed an eight-headed hydra
 15392 | Lair:1   | Killed an eight-headed hydra
 15393 | Lair:1   | Reached skill level 9 in Armour
 15393 | Lair:1   | Reached skill level 4 in Dodging
 15399 | Lair:1   | Killed a storm dragon
 15400 | Lair:1   | Reached skill level 11 in Fighting
 16063 | Lair:1   | Received a gift from Nemelex Xobeh
 16464 | Lair:2   | Reached ****** piety under Nemelex Xobeh
 16756 | Lair:2   | Identified the +4 robe "Loagis" {Dex+4}
 16841 | Lair:2   | Reached skill level 12 in Fighting
 17178 | Lair:2   | Received a gift from Nemelex Xobeh
 18035 | Lair:3   | Reached skill level 8 in Invocations
 18038 | Lair:3   | Reached skill level 5 in Dodging
 18038 | Lair:3   | Reached XP level 14. HP: 112/116 MP: 18/20
 18098 | Lair:3   | Found a gate leading to a gauntlet.
 18107 | Gauntlet | Entered a Gauntlet
 18107 | Gauntlet | Found a transporter.
 18107 | Gauntlet | Found a transporter.
 18107 | Gauntlet | Found a transporter.
 18111 | Gauntlet | Found a transporter.
 18111 | Gauntlet | Found a transporter.
 18111 | Gauntlet | Found a transporter.
 18114 | Gauntlet | Received a gift from Nemelex Xobeh
 18122 | Gauntlet | Found a transporter.
 18122 | Gauntlet | Found a transporter.
 18125 | Gauntlet | Found a transporter.
 18125 | Gauntlet | Found a transporter.
 18138 | Gauntlet | Found a transporter.
 18139 | Gauntlet | Found a transporter.
 18233 | Gauntlet | Identified the ring "Ipoweig" {rC+ rN++ rCorr Str+5}
 18279 | Gauntlet | You add the spells Summon Ice Beast, Summon Mana Viper and
                  | Monstrous Menagerie to your library.
 18309 | Gauntlet | Reached skill level 13 in Fighting
 18495 | Gauntlet | Noticed a minotaur
 18497 | Gauntlet | a minotaur changed into a storm dragon
 18497 | Gauntlet | Noticed a storm dragon
 18503 | Gauntlet | Killed a storm dragon
 18536 | Lair:3   | Found a staircase to the Snake Pit.
 19061 | Lair:3   | You add the spells Frozen Ramparts and Metabolic
                  | Englaciation to your library.
 19239 | Lair:3   | Reached skill level 10 in Armour
 19274 | Lair:3   | Received a gift from Nemelex Xobeh
 19647 | Lair:3   | Found a staircase to the Swamp.
 20512 | Lair:4   | Reached skill level 9 in Invocations
 20520 | Lair:3   | Reached skill level 6 in Dodging
 20521 | Lair:3   | HP: 26/119 [eight-headed hydra (4)]
 20528 | Lair:3   | Reached skill level 14 in Fighting
 21223 | Lair:3   | HP: 29/120 [death yak (8)]
 21230 | Lair:3   | HP: 20/120 [death yak (18)]
 21699 | Lair:4   | Reached skill level 1 in Evocations
 21742 | Lair:4   | Reached skill level 2 in Evocations
 21994 | Lair:4   | Received a gift from Nemelex Xobeh
 22426 | Lair:5   | Entered Level 5 of the Lair of Beasts
 22438 | Lair:5   | Reached skill level 3 in Evocations
 22441 | Lair:5   | HP: 28/121 [elephant (5)]
 22446 | Lair:5   | HP: 5/121 [spore (25)]
 22446 | Lair:5   | HP: 1/121 [yak (4)]
 22447 | Lair:5   | Reached XP level 15. HP: 1/127 MP: 0/22
 22447 | Lair:5   | Noticed Josephine
 22448 | Lair:5   | Killed by an exploding elephant... ignited by their inner
                  | flame

Vanquished Creatures
  2 storm dragons
  3 hydras
  2 two-headed ogres
  A death yak (Lair:3)
  A wolf spider (Lair:3)
  A manticore (D:11)
  2 cyclopes (D:11)
  6 elephants (Lair:5)
  Joseph (D:8)
  A moth of wrath (D:10)
  4 black mambas
  A torpor snail (D:10)
  11 cane toads
  A smoke demon (Gauntlet)
  10 komodo dragons
  2 rime drakes
  A tyrant leech (Gauntlet)
  A troll (D:11)
  A hornet (Lair:3)
  A spectral elephant (Lair:3)
  24 blink frogs
  7 dream sheep
  A spectral black mamba (Lair:3)
  4 shadows (Gauntlet)
  6 wyverns
  2 wraiths
  55 yaks
  Grum (D:9)
  2 fire bats (Lair:3)
  4 vampire mosquitoes (D:11)
  8 basilisks
  A neqoxec (D:5)
  4 swamp worms (Gauntlet)
  5 steam dragons
  14 water moccasins
  2 spectral polar bears (Lair:3)
  12 orc warriors
  2 spectral blink frogs (Lair:3)
  A swamp drake (D:11)
  3 sky beasts
  3 ice beasts
  A centaur (D:9)
  2 ogres
  18 wolves
  2 phantoms
  3 kobold brigands
  16 bullfrogs
  2 gnoll sergeants
  2 scorpions
  A wight (D:8)
  6 killer bees
  3 electric eels
  A howler monkey (D:5)
  3 crimson imps (Gauntlet)
  4 orc priests
  3 jellies
  3 gnoll boudas
  6 hounds
  An iron imp (D:9)
  5 iguanas
  9 orc wizards
  20 gnolls
  16 adders
  A shadow imp (D:8)
  An ufetubus (D:3)
  2 dart slugs (D:1)
  31 orcs
  4 endoplasms
  3 giant cockroaches
  13 goblins
  8 hobgoblins
  3 jackals (D:1)
  38 kobolds
  7 quokkas
  7 ball pythons
  5 bats
  4 frilled lizards
  A rat (D:6)
  A spectral goblin (D:2)
470 creatures vanquished.

Vanquished Creatures (collateral kills)
  5 death yaks (Lair:4)
  A torpor snail (Lair:2)
  A kobold demonologist (D:9)
  A komodo dragon (D:10)
  Prince Ribbit (D:9)
  12 yaks
  A gnoll sergeant (D:9)
  3 killer bees (D:10)
  3 orc wizards (D:10)
  2 gnolls (D:9)
30 creatures vanquished.

Vanquished Creatures (others)
  A centaur warrior (D:8)
  A sky beast (D:10)
  2 gnolls (D:8)
  A ballistomycete spore (D:7)
5 creatures vanquished.

Grand Total: 505 creatures vanquished

Table legend:
 A = Non-vault XP
 B = Vault XP
 C = Vault XP percentage of total XP
 D = Non-vault monster count
 E = Vault monster count
 F = Vault count percentage of total count
                 A         B        C        D         E       F
            +---------+---------+-------+---------+---------+-------
      Total |   48922 |   27657 |  36.1 |     359 |     149 |  29.3
            +---------+---------+-------+---------+---------+-------
        D:1 |      45 |       0 |   0.0 |      23 |       0 |   0.0
        D:2 |      36 |      23 |  39.0 |      14 |       7 |  33.3
        D:3 |      17 |       0 |   0.0 |       5 |       0 |   0.0
        D:4 |     346 |       0 |   0.0 |      20 |       0 |   0.0
        D:5 |    1374 |     221 |  13.9 |      10 |       2 |  16.7
        D:6 |    1003 |     107 |   9.6 |      13 |       8 |  38.1
        D:7 |     964 |     110 |  10.2 |      27 |       1 |   3.6
        D:8 |     906 |    1957 |  68.4 |      21 |      13 |  38.2
        D:9 |    2126 |    1112 |  34.3 |      35 |      10 |  22.2
       D:10 |    3702 |    1344 |  26.6 |      38 |       7 |  15.6
       D:11 |    5305 |    1617 |  23.4 |      17 |       7 |  29.2
     Lair:1 |    8719 |    6281 |  41.9 |      39 |      18 |  31.6
     Lair:2 |    5319 |       0 |   0.0 |      24 |       0 |   0.0
     Lair:3 |    9322 |    4247 |  31.3 |      41 |      23 |  35.9
     Lair:4 |    4410 |    6442 |  59.4 |      16 |      16 |  50.0
     Lair:5 |    5328 |       0 |   0.0 |      16 |       0 |   0.0
     Bailey |       0 |     540 | 100.0 |       0 |      23 | 100.0
   Gauntlet |       0 |    3656 | 100.0 |       0 |      14 | 100.0
            +---------+---------+-------+---------+---------+-------

Skill      XL: |  1  2  3  4  5  6  7  8  9 10 11 12 13 14 |
---------------+-------------------------------------------+-----
Ranged Weapons | 5 6 7 8 10 12 13 15 16 | 16.0
Dodging        | 2 3 5 6 |  6.3
Armour         | 1 2 3 4 5 7 8 9 10 | 10.6
Invocations    | 1 2 3 5 7 8 9 |  9.7
Fighting       | 3 4 6 7 8 10 12 14 | 14.6
Stealth        | 2 3 |  3.9
Evocations     | 3 |  3.1

Action                     |  1- 3 |  4- 6 |  7- 9 | 10-12 | 13-15 || total
---------------------------+-------+-------+-------+-------+-------++-------
   Fire: Shortbow          |    92 |   167 |   266 |   463 |       ||   988
         Orcbow            |       |       |       |   463 |   928 ||  1391
 Invoke: Draw Destruction  |       |     2 |    17 |    32 |    30 ||    81
         Draw Summoning    |       |       |     1 |     3 |     5 ||     9
         Draw Escape       |       |       |     1 |     3 |    12 ||    16
         Triple Draw       |       |       |       |       |     1 ||     1
Ability: Dig               |     1 |     1 |       |     1 |       ||     3
  Evoke: Condenser vane    |       |       |       |     1 |     1 ||     2
         Wand              |       |       |       |       |    36 ||    36
         Phantom mirror    |       |       |       |       |     1 ||     1
    Use: Scroll            |     2 |     4 |     2 |     6 |    10 ||    24
         Potion            |       |     1 |       |     1 |     7 ||     9
 Armour: Leather armour    |    20 |    15 |    34 |       |       ||    69
         Plate armour      |       |       |       |   561 |       ||   561
         Swamp dragon scal |       |       |       |    68 |   331 ||   399
  Dodge: Dodged            |    31 |    60 |    60 |   417 |   505 ||  1073

Illustrated notes

Table legend:
 A = Kills in this place as a percentage of kills in the entire game.
 B = Kills by you in this place as a percentage of kills by you in the entire game.
 C = Kills by friends in this place as a percentage of kills by friends in the entire game.
 D = Other kills in this place as a percentage of other kills in the entire game.
 E = Experience gained in this place as a percentage of experience gained in the entire game.
 F = Experience gained in this place divided by the number of levels of this place that you have seen.
                   A       B       C       D       E      F
               +-------+-------+-------+-------+-------+----------------------
         Total | 100.0 | 100.0 | 100.0 | 100.0 | 100.0 | 4254.4
       Dungeon |  54.7 |  55.0 |  53.3 |  44.4 |  29.1 | 2028.6
          Lair |  38.0 |  37.1 |  46.7 |  55.6 |  65.4 | 10013.6
        Bailey |   4.5 |   4.9 |   0.0 |   0.0 |   0.7 | 540.0
      Gauntlet |   2.8 |   3.0 |   0.0 |   0.0 |   4.8 | 3656.0
               +-------+-------+-------+-------+-------+----------------------

Table legend: (Time is in decaauts)
 A = Elapsed time spent in this place.
 B = Non-inter-level travel time spent in this place.
 C = Inter-level travel time spent in this place.
 D = Time resting spent in this place.
 E = Time spent auto-exploring this place.
 F = Levels seen in this place.
 G = Mean time per level.
                   A        B        C        D        E       F      G
               +--------+--------+--------+--------+--------+-----+--------+
         Total |  22700 |  22127 |    573 |   7262 |  10439 |  18 | 1261.1 |
       Dungeon |  14249 |  13765 |    484 |   3954 |   7196 |  11 | 1295.4 |
          Lair |   7450 |   7361 |     89 |   3048 |   2991 |   5 | 1490.0 |
        Bailey |    610 |    610 |      0 |    128 |    251 |   1 |  610.0 |
      Gauntlet |    390 |    390 |      0 |    132 |      0 |   1 |  390.0 |
               +--------+--------+--------+--------+--------+-----+--------+

Top non-repeatable levels by time:
  Lair:3: 2980 daAuts
  Lair:1: 2056 daAuts
     D:9: 2033 daAuts
    D:11: 1970 daAuts
     D:8: 1898 daAuts
    D:10: 1394 daAuts
     D:5: 1290 daAuts
  Lair:2: 1273 daAuts
     D:6: 1246 daAuts
     D:2: 1155 daAuts
  Lair:4: 1119 daAuts
     D:7: 1022 daAuts
     D:4: 981 daAuts
     D:3: 744 daAuts
  Bailey: 610 daAuts
